 Dungeon Crawl Stone Soup version 0.25-b1-50-g7b83aa72e5 (webtiles) character file.

Game seed: 3246250535872369995

278 Delamore the Cudgeler (level 6, -3/37 HPs)
             Began as a Gargoyle Fighter on June 12, 2020.
             Was an Initiate of Okawaru.
             Slain by Grinder (7 damage)
             ... on level 3 of the Dungeon.
             The game lasted 00:03:37 (2660 turns).

Delamore the Cudgeler (Gargoyle Fighter)            Turns: 2660, Time: 00:03:38

Health: -3/37      AC: 14    Str: 22    XL:     6   Next: 26%
Magic:  6/6        EV:  3    Int:  8    God:    Okawaru [......]
Gold:   160        SH:  9    Dex:  9    Spells: 5/5 levels left

rFire    + . .     SeeInvis .   a - +1 flail
rCold    . . .     Gourm    .   c - +0 kite shield
rNeg     + . .     Faith    .   p - +3 scale mail {rF+}
rPois    ∞         Spirit   .   (no helmet)
rElec    +         Reflect  .   (no cloak)
rCorr    .         Harm     .   (no gloves)
MR       +....                  (no boots)
Stlth    ..........             o - amulet of the acrobat
HPRegen  0.12/turn              w - ring of protection from magic
MPRegen  0.10/turn              j - -4 ring of evasion (curse)

@: no status effects
A: negative energy resistance 1, electricity resistance, unbreathing,
petrification resistance, rot immunity, AC +4
a: Renounce Religion


You were on level 3 of the Dungeon.
You worshipped Okawaru.
Okawaru was noncommittal.
You were not hungry.

You visited 1 branch of the dungeon, and saw 3 of its levels.

You collected 160 gold pieces.

Inventory:

Hand Weapons
 a - a +1 flail (weapon)
Missiles
 m - 11 javelins (quivered)
Armour
 b - a +0 scale mail
 c - a +0 kite shield (worn)
 p - a +3 scale mail of fire resistance (worn)
Jewellery
 j - a cursed -4 ring of evasion (right hand)
 o - an amulet of the acrobat (around neck)
 w - a ring of protection from magic (left hand)
Wands
 x - a wand of acid (9)
Scrolls
 e - 2 scrolls of random uselessness
 h - 2 scrolls of identify
 q - a scroll of teleportation
 s - 2 scrolls of fog
 t - 2 scrolls of enchant weapon
Potions
 d - a potion of might
 k - a potion of invisibility
 l - a potion of curing {unknown}
 n - 2 potions of haste {unknown}
 r - a potion of flight {unknown}
 u - a potion of heal wounds {unknown}
 v - a potion of ambrosia {unknown}
Comestibles
 f - 6 rations


   Skills:
 - Level 3.2 Fighting
 + Level 6.4 Maces & Flails
 - Level 3.2 Armour
 - Level 3.2 Shields


You had 5 spell levels left.
You didn't know any spells.
Your spell library was empty.

Dungeon Overview and Level Annotations

Branches:
Dungeon (3/15)

Altars:
Okawaru
Ru
Trog
Wu Jian
Zin

Annotations:
D:3 1 runed translucent door, Crazy Yiuf, Grinder


Innate Abilities, Weirdness & Mutations

You are resistant to torment.
Your stone body is resilient. (AC +4)
You are immune to poison.
You resist negative energy. (rN+)
You are resistant to electric shocks. (rElec)
You can survive without breathing.
You are immune to petrification.
You are immune to rotting.


Message History

Grinder says, "DUCK!"
Grinder hits you!
You writhe in agony.
You barely miss Grinder. You block Grinder's attack.
You sock Grinder!
Grinder is moderately wounded.
Grinder hits you!
You writhe in agony.
You block Grinder's attack.
You are too injured to fight recklessly!
You hit Grinder.
Grinder is moderately wounded.
Grinder hits you but does no damage.
You sock Grinder!
Grinder is heavily wounded.
Grinder hits you!
* * * LOW HITPOINT WARNING * * *
You writhe in agony.
* * * LOW HITPOINT WARNING * * *
You barely miss Grinder.
Grinder is heavily wounded.
Grinder hits you!
You die...

##.............
#..............
#.............. ###
#.............. ..#
#.............. ...
#.............. ###### .(#
##............. .#.#_#
###...(#######.....#......
.#.#.#._#
#.(5@.#####..#######.
.......## #####..# #.## #>
........# ##.####.# #.
.#.#.#._# #......# ## ⌠#_#
######.## # ##### #..# #
###.# #..### #...#
#....### ..#####
#.##...####


You could see Grinder (strong).

Vanquished Creatures
  An orc wizard (D:3)
  An orc priest (D:3)
  Terence (D:2)
  8 gnolls
  3 adders
  2 oozes (D:3)
  3 dart slugs
  6 orcs (D:3)
  4 giant cockroaches
  11 goblins
  10 hobgoblins
  6 jackals (D:1)
  A quokka (D:2)
  A ball python (D:1)
  4 bats
  2 frilled lizards
  8 kobolds
  4 rats
76 creatures vanquished.

Notes
Turn   | Place    | Note
-------+----------+-------------------------------------------
     0 | D:1      | Delamore the Gargoyle Fighter began the quest for the Orb.
     0 | D:1      | Reached XP level 1. HP: 14/14 MP: 1/1
    92 | D:1      | Reached XP level 2. HP: 16/19 MP: 2/2
   253 | D:1      | Reached skill level 3 in Maces & Flails
   704 | D:1      | Reached XP level 3. HP: 22/23 MP: 3/3
   960 | D:2      | Found a faded altar of an unknown god.
   960 | D:2      | Noticed Terence
   969 | D:2      | Killed Terence
   969 | D:2      | Reached skill level 4 in Maces & Flails
  1088 | D:2      | Reached XP level 4. HP: 28/28 MP: 4/4
  1460 | D:2      | Reached skill level 5 in Maces & Flails
  1460 | D:2      | Reached XP level 5. HP: 26/32 MP: 5/5
  1889 | D:3      | Found an iron altar of Okawaru.
  1898 | D:3      | Became a worshipper of Warmaster Okawaru
  1966 | D:3      | Found a glowing silver altar of Zin.
  1966 | D:3      | Found a sacrificial altar of Ru.
  1967 | D:3      | Found a bloodstained altar of Trog.
  1968 | D:3      | Found an ornate altar of the Wu Jian Council.
  2221 | D:3      | Reached skill level 6 in Maces & Flails
  2221 | D:3      | Reached XP level 6. HP: 37/37 MP: 6/6
  2526 | D:3      | Found a runed translucent door.
  2527 | D:3      | Noticed Crazy Yiuf
  2648 | D:3      | Noticed Grinder
  2660 | D:3      | Slain by Grinder

Illustrated notes

Levels and vault maps discovered:
D:1:      roderic_chinese_lattice_arrival, layout_basic,
          chequers_serial_rivers_small_b, minmay_misc_feat_alley
D:2:      layout_loops_ring, chequers_ecumenical_altar_simple, uniq_terence
D:3:      layout_rooms, minitemple, uniq_grinder, uniq_crazy_yiuf_cottage,
          uniq_ijyb

Skill      XL: |  1  2  3  4  5 |
---------------+----------------+-----
Maces & Flails | 3 4 5 6 |  6.4
Fighting       | |  3.2
Armour         | |  3.2
Shields        | |  3.2

Action                   |  1- 3 |  4- 6 || total
-------------------------+-------+-------++-------
Melee: Flail             |   133 |   189 ||   322
Throw: Dart              |     1 |     7 ||     8
       Javelin           |       |     1 ||     1
  Use: Scroll            |       |     5 ||     5
  Eat: Chunk             |     1 |     5 ||     6
Armor: Scale mail        |    73 |   118 ||   191
Dodge: Dodged            |    45 |    67 ||   112
Block: Kite shield       |    90 |   129 ||   219
